 Dungeon Crawl Stone Soup version 0.31-a0-940-gdaa99269f9 (webtiles) character file.

Game seed: 15586243549958861079

63 avis the Charlatan (level 3, 16/16 HPs)
             Began as a Felid Artificer on Oct 20, 2023.
             Got out of the dungeon alive.
             The game lasted 00:11:40 (2376 turns).

avis the Charlatan (Felid Artificer)                Turns: 2376, Time: 00:11:40

Health: 16/16      AC:  1    Str: 10    XL:     3   Next: 89%
Magic:  4/4        EV: 18    Int: 12    God:
Gold:   109        SH:  0    Dex: 16    Spells: 2/2 levels left
                                        Lives:  0   Deaths: 1

rFire   . .          .
                       - Unarmed
rCold   . . .        (shield unavailable)
rNeg    . . .        (body armour unavailable)
rPois   .            (helmet unavailable)
rElec   .            (cloak unavailable)
rCorr   .            (gloves unavailable)
SInv    +            (boots unavailable)
Will    .....        (no amulet)
Stlth   ++           (no ring)
HPRegen 0.22/turn    (no ring)
MPRegen 0.09/turn

%: no passive effects
@: quick
A: very small, claws 1, fangs 3, see invisible, speed 1, shaggy fur 1, stealthy
paws, no weapons or thrown items, no armour, multi-lived
a: no special abilities


You escaped.
You visited 1 branch of the dungeon, and saw 3 of its levels.

You collected 109 gold pieces.

Inventory:

Jewellery
 h - a ring of fire
 n - a ring of ice
Talismans
 f - a flux talisman
Wands
 a - a wand of flame (5) (quivered)
 b - a wand of charming (14)
 c - a wand of iceblast (5)
 q - a wand of paralysis (8)
Scrolls
 d - a scroll of revelation {unknown}
 i - a scroll of vulnerability {unknown}
 k - a scroll of identify {unknown}
 m - a scroll of butterflies {unknown}
 r - a scroll of teleportation {unknown}
Potions
 e - 2 potions of cancellation {unknown}
 g - 2 potions of curing {unknown}
 j - 3 potions of degeneration {unknown}
 l - 2 potions of haste {unknown}
 o - a potion of lignification {unknown}
 p - a potion of invisibility {unknown}


   Skills:
 - Level 2.0 Fighting
 - Level 4.0 Dodging
 - Level 2.0 Stealth
 * Level 1.2 Unarmed Combat
 - Level 4.0 Evocations


You had 2 spell levels left.
You didn't know any spells.
Your spell library contained the following spells:

 Spells                   Type           Power      Damage    Failure   Level
 Ignite Poison            Fire/Tmut/Pois 0%         N/A       69%         3
 Sticky Flame             Conj/Fire      0%         2d3       97%         4
 Ignition                 Fire           0%         3d3       100%        8


Dungeon Overview and Level Annotations

Branches:
Dungeon (3/15)

Altars:

Shops:
D:3 ?

Annotations:
D:3 2 runed translucent doors, gelatine's ghost, weakling DsSh


Innate Abilities, Weirdness & Mutations

You have sharp claws.
You have razor-sharp teeth.
You have supernaturally acute eyesight. (SInv)
You cover ground quickly. (Speed+)
You are covered in fur. (AC +1)
Your paws help you pounce on unaware monsters.
You are incapable of wielding weapons or throwing items.
You cannot wear armour.
You gain extra lives every three experience levels.


Message History

The orc wizard flickers and vanishes for a moment.
You scratch the orc wizard.
The orc wizard is moderately wounded.
The orc wizard hits you with a +0 dagger.
You closely miss the orc wizard.
The orc wizard is moderately wounded.
The orc wizard misses you.
You completely miss the orc wizard.
The orc wizard is moderately wounded.
The orc wizard casts a spell at you. The magic dart hits you!
* * * LOW HITPOINT WARNING * * *
Aiming: Throw Flame
Press: ? - help, Shift-Dir - straight line, f - orc wizard
Aim: an orc wizard, wielding a +0 dagger and wearing a +0 robe (moderately wounded, slightly transparent, 64% to hit)
The puff of flame misses the orc wizard.
The orc wizard misses you.
Aiming: Throw Flame
Press: ? - help, Shift-Dir - straight line, f/p - orc wizard
Aim: an orc wizard, wielding a +0 dagger and wearing a +0 robe (moderately wounded, slightly transparent, 64% to hit)
The puff of flame hits the orc wizard.
The orc wizard is heavily wounded.
The orc wizard misses you.
Aiming: Throw Flame
Press: ? - help, Shift-Dir - straight line, f/p - orc wizard
Aim: an orc wizard, wielding a +0 dagger and wearing a +0 robe (heavily wounded, slightly transparent, 64% to hit)
The puff of flame hits the orc wizard.
The orc wizard is almost dead.
The orc wizard hits you with a +0 dagger.
You die...
You rejoin the land of the living...
You see here a +0 flail.
There is a stone staircase leading up here.
You climb upwards.
There is a stone staircase leading down here.
There is a stone staircase leading down here.
You see here a jackal skeleton.
There is an open door here.
There is a staircase leading out of the dungeon here.
You have escaped!

.#.......#####################.#
##.......#....⌠# #.#
###.....##..♣♣♣# #.#
........##.####### ♣##########.#
........##.'...#.##♣...........#
####.....#.'.♣.'..#♣#.##########
####....#...##'###.#
####.#####..'...# #.♣♣♣ #@.#####
#..⌠♣ ################## #.♣♣♣
#............. ####
#.######.###.# #.########.# #.#
#.# #..........# #.# #.#
############ #.# #.. #†# ### #.#


There were no monsters in sight!

Vanquished Creatures
  An adder (D:2)
  A dart slug (D:2)
  4 endoplasms
  2 giant cockroaches (D:1)
  4 goblins
  7 hobgoblins
  4 jackals
  4 ball pythons
  3 bats
  5 frilled lizards
  8 kobolds
  7 rats
50 creatures vanquished.

Notes
Turn   | Place    | Note
-------+----------+-------------------------------------------
     0 | D:1      | avis the Felid Artificer began the quest for the Orb.
     0 | D:1      | Reached XP level 1. HP: 9/9 MP: 2/2
   118 | D:1      | Reached XP level 2. HP: 8/12 MP: 3/3
   404 | D:1      | Found a faded altar of an unknown god.
  1136 | D:2      | Reached XP level 3. HP: 12/16 MP: 4/4
  2150 | D:3      | Reached skill level 1 in Unarmed Combat
  2165 | D:3      | Found a large runed translucent door.
  2165 | D:3      | Found a large runed translucent door.
  2168 | D:3      | Noticed gelatine's ghost (weakling DsSh)
  2232 | D:3      | Found Qoahuu Lonwu's Magic Scroll Shop.
  2279 | D:2      | Slain by an orc wizard
  2376 | D:$      | Got out of the dungeon alive.

Illustrated notes

Levels and vault maps discovered:
D:1:      sevenhm_arrival_forest_fort_small_3, layout_loops_ring,
          chequers_ecumenical_altar_simple
D:2:      layout_loops_ring
D:3:      cheibrodos_thug_alley, layout_rooms, old_standard_altar,
          marbit_many_paths, ebering_ghost_disaster_area, serial_shops, shop

Skill      XL: |  1  2  3 |
---------------+----------+-----
Evocations     | 4 |  4.0
Fighting       | 2 |  2.0
Stealth        | 2 |  2.0
Dodging        | 4 |  4.0
Unarmed Combat | 1 |  1.2

Action                     || total
---------------------------++-------
  Melee: Unarmed           ||   165
         Punch             ||     2
         Bite              ||    14
  Evoke: Wand              ||    11
   Stab: Sleeping          ||     9
 Armour: Skin              ||    56
  Dodge: Dodged            ||   135

Table legend: (Time is in decaauts)
 A = Elapsed time spent in this place.
 B = Non-inter-level travel time spent in this place.
 C = Inter-level travel time spent in this place.
 D = Time resting spent in this place.
 E = Time spent auto-exploring this place.
 F = Levels seen in this place.
 G = Mean time per level.
                   A        B        C        D        E       F      G
               +--------+--------+--------+--------+--------+-----+--------+
         Total |   2005 |   1796 |    209 |    236 |    974 |   3 |  668.3 |
       Dungeon |   2005 |   1796 |    209 |    236 |    974 |   3 |  668.3 |
               +--------+--------+--------+--------+--------+-----+--------+

Top non-repeatable levels by time:
     D:1: 989 daAuts
     D:2: 818 daAuts
     D:3: 198 daAuts
